 Dungeon Crawl Stone Soup version 0.27.1-1-g398f81649c (webtiles) character file.

Game seed: 16195343453630352109

2 ZARRMARR the Sneak (level 1, 0/14 HPs)
             Began as an Octopode Brigand on Sept 9, 2021.
             Frozen to death by an endoplasm (5 damage)
             ... on level 1 of the Dungeon.
             The game lasted 00:00:18 (39 turns).

ZARRMARR the Sneak (Octopode Brigand)                 Turns: 39, Time: 00:00:19

Health: 0/14       AC:  1    Str: 10    XL:     1   Next: 40%
Magic:  1/1        EV: 12    Int: 13    God:
Gold:   0          SH:  0    Dex: 13    Spells: 0/0 levels left

rFire    . . .     SeeInvis .   a - +2 dagger
rCold    . . .     Faith    .   (no shield)
rNeg     . . .     Spirit   .   (helmet restricted)
rPois    .         Reflect  .   (no amulet)
rElec    .         Harm     .   (no ring)
rCorr    .         Rampage  .   (no ring)
Will     .....                  (no ring)
Stlth    ++++......             (no ring)
HPRegen  0.04/turn              (no ring)
MPRegen  0.07/turn              (no ring)
                                (no ring)
                                (no ring)

@: no status effects
A: almost no armour, amphibious, 8 rings, camouflage 1, gelatinous body 1,
(nimble swimmer 1), tentacles
a: no special abilities


You were on level 1 of the Dungeon.
You visited 1 branch of the dungeon, and saw 1 of its levels.

Inventory:

Hand Weapons
 a - a +2 dagger (weapon)
Missiles
 b - 8 poisoned darts (quivered)
 c - 2 curare-tipped darts


   Skills:
 + Level 2.0 Fighting
 * Level 2.1 Short Blades
 - Level 2.0 Throwing
 + Level 1.0 Dodging
 + Level 5.3 Stealth


You couldn't memorise any spells.
You didn't know any spells.
Your spell library was empty.

Dungeon Overview and Level Annotations

Branches:
Dungeon (1/15)

Altars:


Innate Abilities, Weirdness & Mutations

You cannot wear most types of armour.
You are amphibious.
You can wear up to eight rings at the same time.
Your skin changes colour to match your surroundings (Stealth+).
Your rubbery body absorbs attacks. (AC +1, EV +1)
((You are camouflaged near water. (Stealth+)))
You have tentacles for arms and can constrict up to eight enemies at once.


Message History

You are too injured to fight recklessly!
You are too injured to fight recklessly!
You are too injured to fight recklessly!
You are too injured to fight recklessly!
You are too injured to fight recklessly!
You are too injured to fight recklessly!
You are too injured to fight recklessly!
You are too injured to fight recklessly!
You are too injured to fight recklessly!
You are too injured to fight recklessly!
You are too injured to fight recklessly!
You are too injured to fight recklessly!
You are too injured to fight recklessly!
You are too injured to fight recklessly!
You are too injured to fight recklessly!
You are too injured to fight recklessly!
You are too injured to fight recklessly!
You are too injured to fight recklessly!
You are too injured to fight recklessly!
You are too injured to fight recklessly!
You are too injured to fight recklessly!
You are too injured to fight recklessly!
You are too injured to fight recklessly!
You are too injured to fight recklessly!
You are too injured to fight recklessly!
A nearby plant withers and dies.
You hit the frilled lizard.
You kill the frilled lizard!
You hit the endoplasm.
The endoplasm is heavily wounded.
The endoplasm jiggles.
The endoplasm closely misses you.
You hit the endoplasm but do no damage.
The endoplasm is heavily wounded.
The endoplasm hits you but does no damage.
You hit the endoplasm.
The endoplasm is almost dead.
The endoplasm freezes you.
You are frozen.
You die...
PP≈♣PP.

P≈♣..# ≈P≈≈PP.
≈≈≈PP##
P≈≈.P..#≈P≈≈P≈#
#PP≈P..†..P≈♣P.#
#P♣≈≈.....PP≈P≈P
.#P≈≈......P≈≈PPP
...≈≈P...g....≈≈.
..≈PP!...J..#≈≈.P
#........@..# ###
#..........##.#
..............#
...........####
...........#
...........#
...........###
.............#####
.#.......###.....##


You could see an endoplasm and a goblin.

Vanquished Creatures
  A giant cockroach (D:1)
  2 frilled lizards (D:1)
3 creatures vanquished.

Vanquished Creatures (others)
  A plant (D:1)
1 creature vanquished.

Grand Total: 4 creatures vanquished

Notes
Turn   | Place    | Note
-------+----------+-------------------------------------------
     0 | D:1      | ZARRMARR the Octopode Brigand began the quest for the Orb.
     0 | D:1      | Reached XP level 1. HP: 14/14 MP: 1/1
    39 | D:1      | Frozen to death by an endoplasm

Illustrated notes

Levels and vault maps discovered:
D:1:      grunt_arrival_lava_bath, layout_basic, serial_bayou_lagoon_a

Action                   || total
-------------------------++-------
Melee: Dagger            ||     9
       Constrict         ||     1
       Tentacles         ||     1
Armor: Skin              ||     2
Dodge: Dodged            ||     4
